 Dungeon Crawl Stone Soup version 0.32-a0-859-gb0a091d592 (webtiles) character file.

Game seed: 6981455274637092353

8 Spacecowgir2 the Chopper (level 2, 20/22 HPs)
             Began as a Demonspawn Gladiator on Mar 27, 2024.
             Quit the game on level 1 of the Dungeon.
             The game lasted 00:00:23 (49 turns).

Spacecowgir2 the Chopper (Demonspawn Gladiator)       Turns: 49, Time: 00:00:24

Health: 20/22      AC:  4    Str: 14    XL:     2   Next: 0%
Magic:  2/2        EV: 11    Int:  8    God:
Gold:   13         SH:  0    Dex: 14    Spells: 1/1 levels left

rFire   . . .        a - +0 war axe
rCold   . . .        (no shield)
rNeg    . . .        b - +0 leather armour
rPois   .            c - +0 helmet
rElec   .            (no cloak)
rCorr   .            (no gloves)
SInv    .            (no boots)
Will    .....        (no amulet)
Stlth   +            (no ring)
HPRegen 0.23/turn    (no ring)
MPRegen 0.08/turn

%: no passive effects
@: no status effects
A: demonic magic 1
a: no special abilities


You were on level 1 of the Dungeon.
You visited 1 branch of the dungeon, and saw 1 of its levels.

You collected 13 gold pieces.

Inventory:

Hand Weapons
 a - a +0 war axe (weapon)
Missiles
 d - 3 throwing nets (quivered)
 e - a javelin
Armour
 b - a +0 leather armour (worn)
 c - a +0 helmet (worn)
Scrolls
 f - a scroll of poison {unknown}


   Skills:
 + Level 2.0 Fighting
 + Level 3.0 Axes
 + Level 1.9 Throwing
 + Level 2.8 Dodging


You had one spell level left.
You didn't know any spells.
Your spell library was empty.

Dungeon Overview and Level Annotations

Branches:
Dungeon (1/15)

Altars:


Innate Abilities, Weirdness & Mutations

Spells you cast may paralyse adjacent enemies.


Message History

You hit the kobold.
The kobold is moderately wounded.
The kobold closely misses you.
You barely miss the kobold.
The kobold is moderately wounded.
The kobold barely misses you.
You slash the kobold!
You kill the kobold!
Things that are here:
a +0 whip; a giant cockroach corpse
Found 13 gold pieces.
There is a stone staircase leading down here.
You see here a +0 club.
Things that are here:
a +0 whip; a giant cockroach corpse You now have 13 gold pieces.
f - a scroll labelled JOMAZA INOM A dart slug comes into view.
Things that are here:
a +0 dagger; a goblin corpse The dart slug misses you.
Things that are here:
a +0 whip; a giant cockroach corpse You slash the dart slug!
The dart slug is almost dead.
The dart slug launches a dart at you. The slug dart misses you.
You slash the dart slug!
You kill the dart slug!
Your Axes skill increases to level 3!
You have reached level 2!
Your demonic ancestry asserts itself...
A menacing aura infuses your magic.
There is a stone staircase leading down here.
You see here a dart slug corpse.
A ball python comes into view.
The ball python moves out of view.
You see here 11 gold pieces.
Unknown command.
Are you sure you want to abandon this character and quit the game? (Confirm with "yes".)

.#...#.. ♣♣♣♣
.......# ♣♣...♣♣
#.#...### ♣♣.....♣♣
#.......## ♣.......♣
#....#..###♣.......♣
####...#..#....♣.♣..♣
#....S..#.#)....⌠...♣
#@.$..>)...♣.♣..♣
#......)♣......♣♣
#.......♣......#♣
..........♣♣......♣
..$#........♣♣..♣.<♣
..............♣♣♣#♣♣#
.....###.......#
..... ######..# ###


You could see a ball python.

Vanquished Creatures
  A dart slug (D:1)
  A giant cockroach (D:1)
  2 goblins (D:1)
  A kobold (D:1)
5 creatures vanquished.

Notes
Turn   | Place    | Note
-------+----------+-------------------------------------------
     0 | D:1      | Spacecowgir2 the Demonspawn Gladiator began the quest for
                  | the Orb.
     0 | D:1      | Reached XP level 1. HP: 16/16 MP: 1/1
    43 | D:1      | Reached skill level 3 in Axes
    43 | D:1      | Gained mutation: Spells you cast may paralyse adjacent
                  | enemies. [demonic ancestry]
    43 | D:1      | Reached XP level 2. HP: 18/22 MP: 2/2
    49 | D:1      | Quit the game

Illustrated notes

Levels and vault maps discovered:
D:1:      amcnicky_arrival_underground_garden, layout_rooms

Skill      XL: |  1 |
---------------+----+-----
Axes           | 3 |  3.0
Fighting       | |  2.0
Throwing       | |  1.9
Dodging        | |  2.8

Action                     || total
---------------------------++-------
  Melee: War axe           ||    17
 Armour: Leather armour    ||    12
  Dodge: Dodged            ||    13

Table legend: (Time is in decaauts)
 A = Elapsed time spent in this place.
 B = Non-inter-level travel time spent in this place.
 C = Inter-level travel time spent in this place.
 D = Time resting spent in this place.
 E = Time spent auto-exploring this place.
 F = Levels seen in this place.
 G = Mean time per level.
                   A        B        C        D        E       F      G
               +--------+--------+--------+--------+--------+-----+--------+
         Total |     54 |     54 |      0 |      0 |      3 |   1 |   54.0 |
       Dungeon |     54 |     54 |      0 |      0 |      3 |   1 |   54.0 |
               +--------+--------+--------+--------+--------+-----+--------+

Top non-repeatable levels by time:
     D:1: 54 daAuts
